 Dungeon Crawl Stone Soup version 0.31.0-11-ge490571c62 (webtiles) character file.

Game seed: 1859278896883223690

3103 Flugkiller the Ruffian (level 9, 0/79 HPs)
             Began as a Demigod Shapeshifter on Jan 30, 2024.
             Slain by a steam dragon (5 damage)
             ... on level 7 of the Dungeon.
             The game lasted 00:08:11 (8022 turns).

Flugkiller the Ruffian (Demigod Shapeshifter)       Turns: 8022, Time: 00:08:11

Health: 0/79       AC:  5    Str: 27    XL:     9   Next: 34%
Magic:  11/11      EV: 11    Int: 12    God:
Gold:   420        SH:  0    Dex: 13    Spells: 8/8 levels left

rFire   . .          .
                       - Unarmed
rCold   + + .        (no shield)
rNeg    . . .        C - +0 ring mail
rPois   .            (helmet currently unavailable)
rElec   .            (cloak currently unavailable)
rCorr   .            (gloves currently unavailable)
SInv    .            (boots currently unavailable)
Will    .....        (no amulet)
Stlth   +            p - ring of protection from cold
HPRegen 0.33/turn    c - ring of protection from cold
MPRegen 0.12/turn

%: no passive effects
@: beast-form
A: beast (slay +4), high MP 1, forlorn, divine attributes
a: Begin Untransformation


You were on level 7 of the Dungeon.
You were a hulking beast.
You visited 1 branch of the dungeon, and saw 8 of its levels.
You also visited: Sewer.

You collected 420 gold pieces.

Inventory:

Hand Weapons
 l - the +9 spear "Loachil" {protect, rPois Str+3 Int+3}
   (You found it on level 2 of the Dungeon)

   Str+3:     It affects your strength (+3).
   Int+3:     It affects your intelligence (+3).
   rPois:     It protects you from poison
 G - the +1 great sword "Konopnu" {freeze, Dex+2}
   (You took it off an orc on level 6 of the Dungeon)

   Dex+2:     It affects your dexterity (+2).
Missiles
 h - a curare-tipped dart (quivered)
 H - a throwing net
Armour
 a - a +0 animal skin
 o - the +2 leather armour of Macaroni {*Corrode rF++ Stlth+}
   (You found it on level 3 of the Dungeon)

   rF++:      It greatly protects you from fire.
   *Corrode:  It may corrode you when you take damage.
   Stlth+:    It makes you more stealthy.
 C - a +0 ring mail (worn)
   (You found it on level 3 of the Dungeon)
 E - a +1 leather armour of poison resistance
   (You found it on level 5 of the Dungeon)
 K - a +0 cloak
   (You found it on level 6 of the Dungeon)
Jewellery
 c - a ring of protection from cold (right hand)
   (You found it on level 5 of the Dungeon)
 e - a ring of ice
   (You found it on level 5 of the Dungeon)
 i - a ring of see invisible
   (You found it on level 6 of the Dungeon)
 p - a ring of protection from cold (left hand)
   (You found it on level 2 of the Dungeon)
 J - an amulet of magic regeneration
   (You took it off a gnoll on level 6 of the Dungeon)
Talismans
 d - a beast talisman
 f - a flux talisman
Wands
 b - a wand of paralysis (4)
   (You found it on level 5 of the Dungeon)
 m - a wand of flame (32)
   (You found it on level 2 of the Dungeon)
Scrolls
 g - a scroll of vulnerability
 j - a scroll of fear
 k - a scroll of fog
 q - a scroll of brand weapon {unknown}
 r - a scroll of identify
 s - a scroll of blinking {unknown}
 t - 3 scrolls of teleportation
 x - a scroll of butterflies {unknown}
 y - a scroll of immolation
 F - a scroll of revelation
 L - a scroll of amnesia {unknown}
Potions
 n - 2 potions of mutation {unknown}
 u - 2 potions of curing {unknown}
 v - 2 potions of brilliance
 w - 2 potions of heal wounds
 z - a potion of invisibility {unknown}
 A - a potion of degeneration {unknown}
 B - a potion of ambrosia {unknown}
 D - a potion of magic
 I - a potion of attraction


   Skills:
 + Level 7.2 Fighting
 - Level 1.7 Dodging
 + Level 7.6 Unarmed Combat
 + Level 7.1 Shapeshifting


You had 8 spell levels left.
You didn't know any spells.
Your spell library contained the following spells:

 Spells                   Type           Power      Damage    Failure   Level
 Blink                    Tloc           0%         N/A       58%         2
 Lesser Beckoning         Tloc           0%         N/A       58%         2
 Momentum Strike          Conj/Tloc      0%         3d8       58%         2
 Inner Flame              Hex/Fire       0%         N/A       83%         3
 Flame Wave               Conj/Fire      0%         2d4       99%         4
 Sticky Flame             Fire/Alch      0%         2d4       99%         4


Dungeon Overview and Level Annotations

Branches:
Dungeon (8/15) Zot: 25073  Temple (0/1) D:5           Sewer (visited)
   Lair: D:8-11


Innate Abilities, Weirdness & Mutations

You are a hulking beast.
Your limbs bulge with bestial killing power. (Slay +4)
You have an increased reservoir of magic. (+10% MP)
You shall have no god before yourself.
Your divine heritage dramatically boosts your attributes as you level up.


Message History

a +5 halberd; a +0 robe An orc comes into view.
It is wielding a +0 flail.
The orc shouts!
The orc closely misses you.
An ice beast comes into view.
There is a stone staircase leading down here.
You hit the orc.
The orc is almost dead.
The orc barely misses you.
You barely miss the orc.
The orc is almost dead.
The orc barely misses you.
You punch the orc!
You kill the orc!
An orc comes into view. It is wielding a +0 war axe.
The ice beast hits you. The ice beast freezes you. You resist.
Things that are here:
a +0 flail; a +0 chain mail The orc shouts!
You hit the ice beast. You punch the ice beast!
The ice beast is heavily wounded.
You punch the ice beast!
The ice beast is almost dead.
The ice beast closely misses you.
You closely miss the ice beast.
The ice beast is almost dead.
The ice beast hits you but does no damage.
You hit the ice beast.
You kill the ice beast!
Your life force feels restored.
You punch the orc!
You kill the orc!
No target in view!
Found an iron altar of Okawaru.
You start resting.
There is a stone staircase leading down here.
u - 2 amethyst potions HP restored.
r - a scroll of identify;
L - a scroll labelled HUNYSO QUCOAJA You now have 420 gold pieces (gained 9).
n - 2 yellow potions (gained 1)
Found an escape hatch in the ceiling.
A steam dragon comes into view.
The steam dragon hisses angrily.
Okay, then.
Found a potion of lignification.
The steam dragon breathes steam at you. The ball of steam hits you!
You are engulfed in a cloud of scalding steam.
The steam dragon breathes steam at you. The ball of steam hits you!
You are engulfed in a cloud of scalding steam.
The steam dragon closely misses you.
The steam dragon claws you but does no damage.
You hit the steam dragon but do no damage.
You are engulfed in a cloud of scalding steam.
The steam dragon closely misses you. The steam dragon claws you.
The steam dragon bites you. The steam dragon closely misses you.
You hit the steam dragon but do no damage.
The steam dragon bites you. The steam dragon barely misses you.
You are too injured to fight recklessly!
You are too injured to fight recklessly!
You barely miss the steam dragon. You closely miss the steam dragon.
The steam dragon bites you but does no damage.
The steam dragon misses you.
You punch the steam dragon!
The steam dragon is moderately wounded.
The steam dragon bites you. The steam dragon closely misses you.
You punch the steam dragon!
The steam dragon is severely wounded.
The steam dragon misses you.
The steam dragon claws you but does no damage.
You closely miss the steam dragon.
The steam dragon is severely wounded.
The steam dragon breathes steam at you. The ball of steam misses you.
You hit the steam dragon but do no damage.
The steam dragon is severely wounded.
You are engulfed in a cloud of scalding steam.
The steam dragon breathes steam at you. The ball of steam hits you!
You barely miss the steam dragon.
The steam dragon is severely wounded.
You are engulfed in a cloud of scalding steam.
* * * LOW HITPOINT WARNING * * *
The steam dragon closely misses you.
The steam dragon claws you but does no damage.
Unknown command.
You barely miss the steam dragon. Your punch misses the steam dragon.
The steam dragon is severely wounded.
You are engulfed in a cloud of scalding steam.
* * * LOW HITPOINT WARNING * * *
Unknown command.
The steam dragon breathes steam at you. The ball of steam hits you!
* * * LOW HITPOINT WARNING * * *
Unknown command.
The steam dragon bites you.
You die...

#...........
#........#...........
........#...........
#.......#..>........
#..........)........ +
#.......#.)......... ##.
#<..................
#..##...............#...
#.....Dh..##.##....#####
#..#..ยงยงยงยง#...#....#
#..................#
.'...#####...._......#
##.! #...........# ##
#..#...#....#
##.##.##....#
#..........#
####.......###


You could see a steam dragon (catching breath).

Vanquished Creatures
  Pikel (D:4)
  Grinder (D:3)
  Sigmund (D:5)
  Edmund (D:5)
  A water moccasin (D:5)
  3 ice beasts
  A centaur (D:5)
  2 lemures (D:4)
  A phantom (D:4)
  4 kobold brigands (Sewer)
  3 bullfrogs
  2 scorpions
  3 wights
  3 bombardier beetles
  2 hounds (D:5)
  4 orc priests
  A gnoll bouda (D:6)
  3 jellies
  3 iguanas (D:5)
  3 orc wizards
  8 gnolls (D:6)
  2 river rats (Sewer)
  11 adders
  2 white imps
  4 ufetubi
  A dart slug (D:1)
  6 ribbon worms
  23 orcs
  7 endoplasms
  A giant cockroach (D:1)
  3 goblins
  6 hobgoblins
  3 jackals (D:4)
  4 quokkas
  17 ball pythons
  6 bats
  7 frilled lizards
  12 kobolds
  7 rats
173 creatures vanquished.

Notes
Turn   | Place    | Note
-------+----------+-------------------------------------------
     0 | D:1      | Flugkiller the Demigod Shapeshifter began the quest for the
                  | Orb.
     0 | D:1      | Reached XP level 1. HP: 15/15 MP: 3/3
    66 | D:1      | Reached skill level 1 in Fighting
   251 | D:1      | Reached XP level 2. HP: 20/23 MP: 4/4
  1123 | D:2      | Identified the +9 spear "Loachil" {protect, rPois Str+3
                  | Int+3}
  1224 | D:2      | Reached XP level 3. HP: 29/29 MP: 5/5
  1857 | D:3      | Identified the +2 leather armour of Macaroni {*Corrode rF++
                  | Stlth+}
  2170 | D:3      | Reached XP level 4. HP: 29/36 MP: 6/6
  2279 | D:3      | Noticed Grinder
  2293 | D:3      | Paralysed by Grinder for 3 turns
  2311 | D:3      | Killed Grinder
  2312 | D:3      | Reached XP level 5. HP: 24/45 MP: 7/7
  2960 | D:4      | Reached XP level 6. HP: 50/51 MP: 8/8
  3003 | D:5      | Entered Level 5 of the Dungeon
  3054 | D:5      | Noticed a water moccasin
  3202 | D:5      | Noticed Sigmund
  3217 | D:5      | Killed Sigmund
  3337 | D:5      | Killed a water moccasin
  3338 | D:5      | Reached skill level 5 in Unarmed Combat
  3338 | D:5      | Reached XP level 7. HP: 56/59 MP: 9/9
  3378 | D:5      | Found a glowing drain.
  3392 | Sewer    | Entered a sewer
  3601 | Sewer    | Reached skill level 5 in Shapeshifting
  3965 | Sewer    | Reached skill level 5 in Fighting
  4142 | D:5      | Noticed Edmund
  4375 | D:4      | Reached XP level 8. HP: 23/68 MP: 10/10
  4547 | D:4      | Noticed a +0 hand axe
  4562 | D:4      | Noticed a +0 dagger
  4822 | D:4      | Noticed Pikel
  4866 | D:4      | Killed Pikel
  5380 | D:5      | Killed Edmund
  5392 | D:5      | Found a staircase to the Ecumenical Temple.
  5910 | D:5      | You fall into a shaft and drop 3 floors!
  6045 | D:7      | Reached XP level 9. HP: 68/78 MP: 11/11
  6193 | D:6      | Identified the +1 great sword "Konopnu" {freeze, Dex+2}
  8022 | D:7      | Slain by a steam dragon

Illustrated notes

Levels and vault maps discovered:
D:1:      tarquinn_simple_flora_water_c, layout_basic
D:2:      layout_loops_corners, minivault_19, grunt_decor_one_mirror
D:3:      kennysheep_big_flooded_room, layout_basic, nicolae_ru_path_of_blood,
          nicolae_overflow_macrodata_refinement,
          shapermc_ecumenical_altar_pompeii, chequers_serial_rivers_room_a,
          eino_tiny_chamber, nicolae_twisty_statue_hallways, uniq_grinder
D:4:      layout_loops_ring, dancing_weapons_uskayaw, kennysheep_nondescript,
          uniq_pikel
D:5:      layout_basic, minmay_temple_entry_proselytizer,
          cheibrodos_sewer_entry_sluice, serial_co_window_serial,
          co_window_paths_a, co_window_paths_a, co_window_paths_a,
          co_window_paths_b, co_window_paths_a, co_window_cross_4,
          co_window_2corner, co_window_corner_b, co_window_broadway_b,
          co_window_2corner, co_window_broadway_c, co_window_corner_b,
          co_window_paths_e, co_window_4corner_b, glass_columns_c,
          glass_columns_a, glass_columns_a, uniq_sigmund, uniq_edmund
D:6:      layout_loops_ring, amcnicky_altar_gilded
D:7:      nicolae_cairo_tiling_very_big, layout_rooms, okawaru_gym_becter,
          uniq_maurice
D:8:      layout_basic, general_overflow_altar

Skill      XL: |  1  2  3  4  5  6  7  8  9 |
---------------+----------------------------+-----
Fighting       | 1 2 3 4 5 6 7 |  7.2
Unarmed Combat | 3 4 5 7 |  7.6
Shapeshifting  | 3 4 5 6 7 |  7.1
Dodging        | |  1.7

Action                     |  1- 3 |  4- 6 |  7- 9 || total
---------------------------+-------+-------+-------++-------
  Melee: Unarmed           |   137 |    80 |   397 ||   614
         Punch             |     1 |     7 |    18 ||    26
  Evoke: Wand              |       |     1 |     8 ||     9
    Use: Potion            |       |     5 |     5 ||    10
         Scroll            |       |     4 |     4 ||     8
   Stab: Paralysed         |       |     3 |     4 ||     7
         Sleeping          |       |       |     1 ||     1
 Armour: Animal skin       |    72 |    32 |    90 ||   194
         Skin              |       |     5 |       ||     5
         Ring mail         |       |       |   166 ||   166
  Dodge: Dodged            |    81 |    41 |   207 ||   329
